 Dungeon Crawl Stone Soup version 0.29.1-2-gbd0b4ee654 (webtiles) character file.

Game seed: 6487305691191110495

18 Mune the Scratcher (level 2, -3/12 HPs)
             Began as a Felid Transmuter on Nov 17, 2022.
             Slain by a hobgoblin (4 damage)
             ... on level 1 of the Dungeon.
             The game lasted 00:02:02 (576 turns).

Mune the Scratcher (Felid Transmuter)                Turns: 576, Time: 00:02:04

Health: -3/12      AC:  1    Str:  6    XL:     2   Next: 51%
Magic:  3/6        EV: 14    Int: 14    God:
Gold:   37         SH:  0    Dex: 16    Spells: 2/5 levels left
                                        Lives:  0   Deaths: 0

rFire   . . .      SeeInvis +     - Unarmed
rCold   . . .      Faith    .   (shield unavailable)
rNeg    . . .      Spirit   .   (body armour unavailable)
rPois   .          Reflect  .   (helmet unavailable)
rElec   .          Harm     .   (cloak unavailable)
rCorr   .          Rampage  .   (gloves unavailable)
Will    .....                   (boots unavailable)
Stlth   +.........              (no amulet)
HPRegen 0.04/turn               (no ring)
MPRegen 0.10/turn               (no ring)

@: appendages, wereblooded, constricted, quick
A: horns 2, very small, claws 1, fangs 3, see invisible, speed 1, shaggy fur 1,
stealthy paws, no weapons or thrown items, no armour, multi-lived
a: End Transformation


You were on level 1 of the Dungeon.
You had temporarily grown beastly horns.
You visited 1 branch of the dungeon, and saw 1 of its levels.

You collected 37 gold pieces.

Inventory:

Scrolls
 c - a scroll of noise {unknown}
 e - 3 scrolls of teleportation {unknown}
 f - a scroll of butterflies {unknown}
 g - a scroll of identify {unknown}
Potions
 a - a potion of lignification
 b - a potion of might {unknown}
 d - a potion of curing {unknown}


   Skills:
 + Level 1.0 Fighting
 + Level 3.0 Dodging
 + Level 3.5 Unarmed Combat
 + Level 2.1 Spellcasting
 + Level 2.3 Transmutations


You had 2 spell levels left.
You knew the following spells:

 Your Spells              Type           Power      Damage    Failure   Level
a - Beastly Appendage     Tmut           16%        N/A       9%          1
b - Wereblood             Tmut           8%         N/A       13%         2

Your spell library contained the following spells:

 Spells                   Type           Power      Damage    Failure   Level
 Spider Form              Tmut/Pois      4%         N/A       41%         3
 Ice Form                 Ice/Tmut       4%         N/A       82%         4


Dungeon Overview and Level Annotations

Branches:
Dungeon (1/15)

Altars:


Innate Abilities, Weirdness & Mutations

You have temporarily grown beastly horns.
You have sharp claws.
You have razor-sharp teeth.
You have supernaturally acute eyesight. (SInv)
You cover ground quickly. (Speed+)
You are covered in fur. (AC +1)
Your paws help you pounce on unaware monsters.
You are incapable of wielding weapons or throwing items.
You cannot wear armour.
You gain extra lives every three experience levels.


Message History

Confirm with . or Enter, or press ? or * to list all spells.
Your blood is infused with primal strength.
Your transformation is almost over.
Your horns disappear.
Your primal bloodlust is almost over.
Your primal bloodlust has ended.
There is a stone staircase leading down here.
There is a stone staircase leading down here.
A hobgoblin comes into view.
Casting: Wereblood (safe; 13% risk of failure)
Confirm with . or Enter, or press ? or * to list all spells.
Your blood is infused with primal strength.
The hobgoblin shouts!
You hear an angry hiss.
Casting: Wereblood (safe; 13% risk of failure)
Confirm with . or Enter, or press ? or * to list all spells.
You grow a pair of large bovine horns.
A rat and a ball python come into view.
The hobgoblin closely misses you.
You barely miss the hobgoblin. The hobgoblin hits you.
You scratch the hobgoblin but do no damage.
Your headbutt misses the hobgoblin. The ball python completely misses you.
The ball python grabs you. The ball python constricts you.
The hobgoblin barely misses you. The ball python closely misses you.
The ball python constricts you.
You completely miss the hobgoblin. The hobgoblin closely misses you.
The ball python bites you but does no damage.
The ball python constricts you.
You scratch the hobgoblin but do no damage.
Your headbutt misses the hobgoblin. The ball python bites you.
The ball python constricts you.
* * * LOW HITPOINT WARNING * * *
The hobgoblin barely misses you.
You barely miss the ball python. Your headbutt misses the ball python.
You claw the ball python, but do no damage.
The ball python bites you.
* * * LOW HITPOINT WARNING * * *
The ball python constricts you.
* * * LOW HITPOINT WARNING * * *
The rat barely misses you. The hobgoblin hits you.
You die...

....######.##
#.# #.~ .
#..# #.# #.~
##.###.# #.~
#..##.# ###.~
##....# #...~
###..# #.#.~
###.#######
.#.~
##...r......
.....~
#...@S......
##.#..
#....g.......
# ###
#............
....
#............
###.
#............
##
#............
##...........
##..........


You could see a hobgoblin, a ball python and a rat.

Vanquished Creatures
  2 dart slugs (D:1)
  3 ball pythons (D:1)
  2 endoplasms (D:1)
  A goblin (D:1)
  2 hobgoblins (D:1)
  A quokka (D:1)
  A bat (D:1)
  A frilled lizard (D:1)
  A rat (D:1)
14 creatures vanquished.

Notes
Turn   | Place    | Note
-------+----------+-------------------------------------------
     0 | D:1      | Mune the Felid Transmuter began the quest for the Orb.
     0 | D:1      | Reached XP level 1. HP: 9/9 MP: 4/4
   130 | D:1      | Reached XP level 2. HP: 10/12 MP: 6/6
   410 | D:1      | Learned a level 2 spell: Wereblood
   576 | D:1      | Slain by a hobgoblin

Illustrated notes

Levels and vault maps discovered:
D:1:      ebering_trefoil_twist, layout_rooms

Skill      XL: |  1 |
---------------+----+-----
Dodging        | 3 |  3.0
Fighting       | |  1.0
Unarmed Combat | |  3.5
Spellcasting   | |  2.1
Transmutations | |  2.3

Action                   || total
-------------------------++-------
Melee: Unarmed           ||    32
       Headbutt          ||     5
       Punch             ||     1
       Bite              ||     1
 Cast: Beastly Appendage ||     7
       Wereblood         ||     2
 Stab: Sleeping          ||     2
Armor: Skin              ||     3
Dodge: Dodged            ||    30
